 Dungeon Crawl Stone Soup version 0.30-a0-341-g682706514a (webtiles) character file.

Game seed: 12822413114964339120

126 koil the Ruffian (level 4, -4/36 HPs)
             Began as a Draconian Transmuter on Nov 5, 2022.
             Slain by Sigmund the killer bee (8 damage)
             ... on level 3 of the Dungeon.
             The game lasted 00:05:14 (1581 turns).

koil the Ruffian (Draconian Transmuter)             Turns: 1581, Time: 00:05:15

Health: -4/36      AC:  6    Str: 14    XL:     4   Next: 84%
Magic:  6/7        EV: 12    Int: 14    God:
Gold:   82         SH:  0    Dex: 11    Spells: 5/8 levels left

rFire   . . .      SeeInvis .      - Unarmed
rCold   . . .      Faith    .    (no shield)
rNeg    . . .      Spirit   .    (body armour unavailable)
rPois   .          Reflect  .    (helmet currently unavailable)
rElec   .          Harm     .    p - +0 cloak
rCorr   .          Rampage  .    (no gloves)
Will    .....                    (boots currently unavailable)
Stlth   +.........               (no amulet)
HPRegen 0.26/turn                (no ring)
MPRegen 0.10/turn                (no ring)

@: mighty, lethally poisoned (-4 -> -9), appendages (expiring), hasted,
invisible, very quick
A: horns 2, talons 2, AC +5, unfitting armour, cold-blooded
a: End Transformation


You were on level 3 of the Dungeon.
You had temporarily grown beastly horns and talons.
You visited 1 branch of the dungeon, and saw 3 of its levels.

You collected 82 gold pieces.

Inventory:

Hand Weapons
 c - a +1 dagger of pain
 s - a +1 spear of flaming
 t - a +0 arbalest
Armour
 o - a +0 pair of boots
 p - a +0 cloak (worn)
Wands
 q - a wand of polymorph (11)
Scrolls
 e - a scroll of blinking {unknown}
 f - 3 scrolls of identify {unknown}
 g - a scroll of torment {unknown}
 j - a scroll of poison {unknown}
 m - 3 scrolls of teleportation {unknown}
 n - a scroll of enchant weapon {unknown}
 r - a scroll of immolation {unknown}
Potions
 a - 2 potions of lignification
 d - a potion of might
 i - a potion of heal wounds {unknown}
 k - a potion of curing {unknown}
 l - a potion of brilliance {unknown}


   Skills:
 + Level 2.3 Fighting
 + Level 2.4 Dodging
 + Level 3.5 Unarmed Combat
 + Level 2.6 Spellcasting
 + Level 2.7 Transmutations
 + Level 1.4 Poison Magic


You had 5 spell levels left.
You knew the following spells:

 Your Spells              Type           Power      Damage    Failure   Level
a - Beastly Appendage     Tmut           18%        N/A       8%          1
b - Wereblood             Tmut           9%         N/A       11%         2

Your spell library contained the following spells:

 Spells                   Type           Power      Damage    Failure   Level
 Spider Form              Tmut/Pois      7%         N/A       28%         3
 Call Canine Familiar     Summ           1%         N/A       56%         3
 Portal Projectile        Hex/Tloc       2%         N/A       56%         3
 Ice Form                 Ice/Tmut       5%         N/A       77%         4
 Leda's Liquefaction      Hex/Erth       0%         N/A       92%         4


Dungeon Overview and Level Annotations

Branches:
Dungeon (3/15)

Altars:

Annotations:
D:3 Sigmund


Innate Abilities, Weirdness & Mutations

You have temporarily grown beastly horns and talons.
Your plain brown scales are hard. (AC +5)
You cannot fit into any form of body armour.
You are cold-blooded and may be slowed by cold attacks.


Message History

You swing at nothing.
Sigmund completely misses you.
You barely miss Sigmund. Your kick misses Sigmund.
Sigmund closely misses you. x2
You hit Sigmund. Your kick misses Sigmund.
Sigmund is heavily wounded.
Your transformation is almost over.
Your primal bloodlust has ended.
Sigmund stings you but does no damage. Sigmund closely misses you.
You miss Sigmund.
Sigmund is heavily wounded.
Sigmund closely misses you. Sigmund barely misses you.
You closely miss Sigmund. Your headbutt misses Sigmund.
Your tail-slap misses Sigmund.
Sigmund is moderately wounded.
Sigmund stings you!
You are poisoned.
Sigmund poisons you! Sigmund stings you.
You miss Sigmund. Your kick misses Sigmund. Your headbutt misses Sigmund.
You tail-slap Sigmund, but do no damage.
Sigmund is moderately wounded.
You feel sick. Sigmund stings you. Sigmund barely misses you.
You closely miss Sigmund. Your kick misses Sigmund.
Your headbutt misses Sigmund.
Your tail-slap misses Sigmund.
Sigmund is moderately wounded.
You feel sick. Sigmund stings you. x2
* * * LOW HITPOINT WARNING * * *
You are lethally poisoned!
Sigmund poisons you!
Unknown command.
Unknown command.
It was a potion of invisibility.
You fade into invisibility!
* * * LOW HITPOINT WARNING * * *
You feel sick. Sigmund barely misses you. x2
It was a potion of might.
You feel very mighty all of a sudden.
* * * LOW HITPOINT WARNING * * *
You feel sick. Sigmund closely misses you. x2
It was a potion of haste.
You feel yourself speed up.
* * * LOW HITPOINT WARNING * * *
You feel sick. Sigmund stings you!
You die...

#.# #.# ##### #.# # ....#####.#
#. ...#.....# .#..#..#.###.##
.......#.##...##
#.....#.#.....########
#........)...y@......#
##.#.##.###.########.# # #.# #.#
#.# #.. ..# #.# . #####+## #.#
.# ##...## #.##### ..#####
##.....## #.....# ......#
##.......## ##.##.#
#.....###.........####...#.#####


You could see Sigmund the killer bee (unable to see you).

Vanquished Creatures
  A hound (D:3)
  Robin (D:2)
  2 adders (D:2)
  A worm (D:2)
  3 dart slugs
  4 endoplasms
  2 giant cockroaches (D:1)
  13 goblins
  5 hobgoblins
  2 quokkas (D:1)
  5 ball pythons (D:1)
  5 bats
  6 frilled lizards
  3 kobolds
  2 rats (D:2)
55 creatures vanquished.

Notes
Turn   | Place    | Note
-------+----------+-------------------------------------------
     0 | D:1      | koil the Draconian Transmuter began the quest for the Orb.
     0 | D:1      | Reached XP level 1. HP: 16/16 MP: 3/3
   202 | D:1      | Reached XP level 2. HP: 17/23 MP: 3/5
   206 | D:1      | Learned a level 2 spell: Wereblood
   313 | D:1      | Reached XP level 3. HP: 26/29 MP: 6/6
   666 | D:2      | Reached skill level 1 in Poison Magic
   740 | D:2      | Found a faded altar of an unknown god.
   912 | D:2      | Noticed Robin
   933 | D:2      | Killed Robin
   934 | D:2      | Reached XP level 4. HP: 36/36 MP: 5/7
  1565 | D:3      | Noticed Sigmund
  1570 | D:3      | Sigmund changed into Sigmund the killer bee
  1570 | D:3      | Noticed Sigmund
  1581 | D:3      | Slain by Sigmund the killer bee

Illustrated notes

Levels and vault maps discovered:
D:1:      minmay_arrival_shattered_statue, layout_basic
D:2:      layout_loops_cross, basic_ecumenical_altar, uniq_robin
D:3:      layout_loops_corners, uniq_sigmund, uniq_terence, uniq_natasha

Skill      XL: |  1  2  3 |
---------------+----------+-----
Dodging        | 2 |  2.4
Poison Magic   | 1 |  1.4
Fighting       | 2 |  2.3
Unarmed Combat | |  3.5
Spellcasting   | |  2.6
Transmutations | |  2.7

Action                   |  1- 3 |  4- 6 || total
-------------------------+-------+-------++-------
Melee: Unarmed           |   112 |    61 ||   173
       Tailslap          |    10 |     3 ||    13
       Punch             |     2 |     2 ||     4
       Kick              |    10 |     7 ||    17
       Headbutt          |     5 |     4 ||     9
 Cast: Beastly Appendage |     6 |     5 ||    11
       Wereblood         |     5 |     2 ||     7
Evoke: Wand              |       |     1 ||     1
  Use: Potion            |       |     3 ||     3
Armor: Skin              |    29 |    17 ||    46
Dodge: Dodged            |    72 |    49 ||   121

Table legend: (Time is in decaauts)
 A = Elapsed time spent in this place.
 B = Non-inter-level travel time spent in this place.
 C = Inter-level travel time spent in this place.
 D = Time resting spent in this place.
 E = Time spent auto-exploring this place.
 F = Levels seen in this place.
 G = Mean time per level.
                   A        B        C        D        E       F      G
               +--------+--------+--------+--------+--------+-----+--------+
         Total |   1572 |   1472 |    100 |      0 |   1104 |   3 |  524.0 |
       Dungeon |   1572 |   1472 |    100 |      0 |   1104 |   3 |  524.0 |
               +--------+--------+--------+--------+--------+-----+--------+

Top non-repeatable levels by time:
     D:2: 791 daAuts
     D:1: 638 daAuts
     D:3: 142 daAuts
